MWL (24 & UNDER)
EVANSTON ELITISTS @ PLUMSTEAD EAGLES
06/26/2030
 
TOP OF THE 1ST
Evanston Elitists batting - Pitching for Plumstead Eagles : LHP Jake Davis
Pitching: LHP Jake Davis
Batting: SHB Troy Abreu 0-0: Ball
1-0: Called Strike
1-1: Ball
2-1: Called Strike
2-2: Fly out, F1 (Line Drive, 13S)
Batting: RHB Zhong-xian Pai 0-0: Ball
1-0: Called Strike
1-1: Foul Ball, location: 2F
1-2: Foul Ball, location: 2F
1-2: Ground out 4-3 (Groundball, 4)
Batting: RHB Greg Nichols 0-0: Called Strike
0-1: Called Strike
0-2: Ball
1-2: Ball
2-2: Foul Ball, location: 2F
2-2: Ball
3-2: Fly out, F9 (Flyball, 9D)
Top of the 1st over - 0 runs, 0 hits, 0 errors, 0 left on base; Evanston 0 - Plumstead 0
BOTTOM OF THE 1ST
Plumstead Eagles batting - Pitching for Evanston Elitists : RHP Barrett Pritchard
Pitching: RHP Barrett Pritchard
Batting: LHB Chris Hutchison 0-0: Ball
1-0: Ball
2-0: Called Strike
2-1: Ball
3-1: Base on Balls
Batting: RHB Wayne Workman 0-0: Ball
1-0: Fly out, F7 (Flyball, 7S)
Batting: LHB Conan Bush 0-0: Ball
Chris Hutchison steals 2nd base
1-0: Called Strike
1-1: Fly out, F9 (Flyball, 9S)
Batting: SHB José Rincón 0-0: Ball
1-0: Foul Ball, location: 2F
1-1: Swinging Strike
1-2: Strikes out swinging
Bottom of the 1st over - 0 runs, 0 hits, 0 errors, 1 left on base; Evanston 0 - Plumstead 0
TOP OF THE 2ND
Evanston Elitists batting - Pitching for Plumstead Eagles : LHP Jake Davis
Batting: RHB Troy Johnson 0-0: Called Strike
0-1: Ground out 4-3 (Groundball, 4M)
Batting: RHB Ed Gaston 0-0: Swinging Strike
0-1: Ball
1-1: SINGLE (Flyball, 8LS)
Batting: LHB Jean-Sébastien Beaudin 0-0: Called Strike
0-1: Foul Ball, location: 2F
0-2: Ball
1-2: SINGLE (Line Drive, 34D)
Ed Gaston to second
Batting: RHB Terry Lawrence 0-0: Ball
Wild Pitch!
Ed Gaston to third
Jean-Sébastien Beaudin to second
1-0: Ball
2-0: Swinging Strike
2-1: Swinging Strike
2-2: SINGLE (Line Drive, 78S)
Ed Gaston scores
Jean-Sébastien Beaudin to third
Batting: RHB Jaime Aguirre 0-0: Ball
1-0: Called Strike
1-1: Foul Ball, location: 2F
1-2: Strikes out swinging
Batting: SHB Claas van der Kuijl 0-0: Ball
1-0: Called Strike
1-1: Ball
2-1: Foul Ball, location: 2F
2-2: Fly out, F9 (Line Drive, 9)
Top of the 2nd over - 1 run, 3 hits, 0 errors, 2 left on base; Evanston 1 - Plumstead 0
BOTTOM OF THE 2ND
Plumstead Eagles batting - Pitching for Evanston Elitists : RHP Barrett Pritchard
Batting: SHB Joaquín Gilera 0-0: Called Strike
0-1: Swinging Strike
0-2: SINGLE (Groundball, 34D)
Batting: RHB Larry Johnson 0-0: Ball
1-0: Fielders Choice at 2nd, 1-6 (Groundball, 13)
Batting: LHB Joe Rutherford 0-0: Ball
1-0: Ball
Pickoff Throw to First - Error! E1
Larry Johnson to second
2-0: Swinging Strike
2-1: Ball
3-1: Base on Balls
Batting: LHB José Marín 0-0: Ball
1-0: Ball
2-0: Foul Ball, location: 2F
2-1: Ball
3-1: Swinging Strike
3-2: Foul Ball, location: 2F
3-2: Strikes out swinging
Batting: LHB António Álvarez 0-0: Swinging Strike
0-1: Foul Ball, location: 2F
0-2: Ball
1-2: Ball
2-2: Strikes out swinging
Bottom of the 2nd over - 0 runs, 1 hit, 1 error, 2 left on base; Evanston 1 - Plumstead 0
TOP OF THE 3RD
Evanston Elitists batting - Pitching for Plumstead Eagles : LHP Jake Davis
Batting: SHB Troy Abreu 0-0: Called Strike
0-1: Ball
1-1: Called Strike
1-2: Ball
2-2: Foul Ball, location: 2F
2-2: Strikes out swinging
Batting: RHB Zhong-xian Pai 0-0: Called Strike
0-1: Swinging Strike
0-2: Ball
1-2: Foul Ball, location: 2F
1-2: Foul Ball, location: 2F
1-2: Strikes out looking
Batting: RHB Greg Nichols 0-0: Called Strike
0-1: Foul Ball, location: 2F
0-2: Ball
1-2: Ball
2-2: Ball
3-2: Base on Balls
Batting: RHB Troy Johnson 0-0: Ball
1-0: Fly out, F7 (Line Drive, 7)
Top of the 3rd over - 0 runs, 0 hits, 0 errors, 1 left on base; Evanston 1 - Plumstead 0
BOTTOM OF THE 3RD
Plumstead Eagles batting - Pitching for Evanston Elitists : RHP Barrett Pritchard
Batting: LHB Chris Hutchison 0-0: Ball
1-0: Ball
2-0: Called Strike
2-1: Ball
3-1: Foul Ball, location: 2F
3-2: SINGLE (Groundball, 4D)
Batting: RHB Wayne Workman 0-0: Called Strike
0-1: Foul Ball, location: 2F
0-2: Ball
1-2: Foul Ball, location: 2F
1-2: Foul Ball, location: 2F
1-2: Strikes out looking
Batting: LHB Conan Bush 0-0: Ball
1-0: Ball
2-0: Ball
3-0: Base on Balls
Chris Hutchison to second
Batting: SHB José Rincón 0-0: Ground out 4-3 (Groundball, 34D)
Chris Hutchison to third
Conan Bush to second
Batting: SHB Joaquín Gilera 0-0: Foul Ball, location: 2F
0-1: Ball
1-1: Swinging Strike
1-2: Foul Ball, location: 2F
1-2: Strikes out swinging
Bottom of the 3rd over - 0 runs, 1 hit, 0 errors, 2 left on base; Evanston 1 - Plumstead 0
TOP OF THE 4TH
Evanston Elitists batting - Pitching for Plumstead Eagles : LHP Jake Davis
Batting: RHB Ed Gaston 0-0: Ball
1-0: Foul Ball, location: 2F
1-1: Foul Ball, location: 2F
1-2: Strikes out swinging
Batting: LHB Jean-Sébastien Beaudin 0-0: Swinging Strike
0-1: Swinging Strike
0-2: Ball
1-2: Ball
2-2: Strikes out looking
Batting: RHB Terry Lawrence 0-0: SINGLE (Groundball, 6MD)
Pitching: RHP Yuan Si-ma
Batting: RHB Jaime Aguirre 0-0: Called Strike
0-1: Fielders Choice at 2nd, 5-4 (Groundball, 56)
Top of the 4th over - 0 runs, 1 hit, 0 errors, 1 left on base; Evanston 1 - Plumstead 0
BOTTOM OF THE 4TH
Plumstead Eagles batting - Pitching for Evanston Elitists : RHP Barrett Pritchard
Batting: RHB Larry Johnson 0-0: Called Strike
0-1: Swinging Strike
0-2: Fly out, F4 (Popup, 3D)
Batting: LHB Joe Rutherford 0-0: Ball
1-0: Foul Ball, location: 2F
1-1: Fly out, F9 (Line Drive, 9S)
Batting: LHB José Marín 0-0: Reached via error on a dropped throw, E1
Batting: LHB António Álvarez 0-0: Ball
1-0: Called Strike
1-1: Fly out, F8 (Flyball, 8RS)
Bottom of the 4th over - 0 runs, 0 hits, 1 error, 1 left on base; Evanston 1 - Plumstead 0
TOP OF THE 5TH
Evanston Elitists batting - Pitching for Plumstead Eagles : RHP Yuan Si-ma
Batting: SHB Claas van der Kuijl 0-0: Foul Ball, location: 2F
0-1: Ground out 4-3 (Groundball, 4M)
Batting: SHB Troy Abreu 0-0: Called Strike
0-1: Ball
1-1: Called Strike
1-2: Strikes out swinging
Batting: RHB Zhong-xian Pai 0-0: Ball
1-0: Ball
2-0: Ground out 4-3 (Groundball, 4)
Top of the 5th over - 0 runs, 0 hits, 0 errors, 0 left on base; Evanston 1 - Plumstead 0
BOTTOM OF THE 5TH
Plumstead Eagles batting - Pitching for Evanston Elitists : RHP Barrett Pritchard
Batting: LHB Chris Hutchison 0-0: Ground out 5-3 (Groundball, 56)
Batting: RHB Wayne Workman 0-0: Ball
1-0: Ball
2-0: Called Strike
2-1: Ball
3-1: Foul Ball, location: 2F
3-2: Strikes out swinging
Batting: LHB Conan Bush 0-0: SINGLE (Line Drive, 4M)
Batting: SHB José Rincón 0-0: Called Strike
0-1: DOUBLE (Line Drive, 9LM)
Conan Bush to third
Batting: SHB Joaquín Gilera 0-0: Ball
1-0: Called Strike
1-1: Foul Ball, location: 2F
1-2: Strikes out swinging
Bottom of the 5th over - 0 runs, 2 hits, 0 errors, 2 left on base; Evanston 1 - Plumstead 0
TOP OF THE 6TH
Evanston Elitists batting - Pitching for Plumstead Eagles : RHP Yuan Si-ma
Batting: RHB Greg Nichols 0-0: Foul Ball, location: 2F
0-1: Foul Ball, location: 2F
0-2: Fly out, F7 (Flyball, 7S)
Batting: RHB Troy Johnson 0-0: Foul Ball, location: 2F
0-1: Fly out, F7 (Flyball, 7S)
Batting: RHB Ed Gaston 0-0: Ball
1-0: Foul Ball, location: 2F
1-1: Ball
2-1: Ball
3-1: Base on Balls
Batting: LHB Jean-Sébastien Beaudin 0-0: Called Strike
0-1: Ball
1-1: Foul Ball, location: 2F
1-2: Fly out, F8 (Flyball, 89D)
Top of the 6th over - 0 runs, 0 hits, 0 errors, 1 left on base; Evanston 1 - Plumstead 0
BOTTOM OF THE 6TH
Plumstead Eagles batting - Pitching for Evanston Elitists : RHP Barrett Pritchard
Batting: RHB Larry Johnson 0-0: Ball
1-0: Ball
2-0: Fly out, F9 (Flyball, 89M)
Batting: LHB Joe Rutherford 0-0: Swinging Strike
0-1: Ball
1-1: Fly out, F8 (Flyball, 8RD)
Batting: LHB José Marín 0-0: Foul Ball, location: 2F
0-1: Bunted foul
0-2: Ball
1-2: SINGLE (Line Drive, 8RM)
Batting: LHB António Álvarez 0-0: Ball
1-0: Ball
2-0: Ball
3-0: Called Strike
3-1: Ground out 4-3 (Groundball, 34)
Bottom of the 6th over - 0 runs, 1 hit, 0 errors, 1 left on base; Evanston 1 - Plumstead 0
TOP OF THE 7TH
Evanston Elitists batting - Pitching for Plumstead Eagles : RHP Yuan Si-ma
Batting: RHB Terry Lawrence 0-0: Ball
1-0: Called Strike
1-1: Ball
2-1: Foul Ball, location: 2F
2-2: Foul Ball, location: 2F
2-2: Foul Ball, location: 2F
2-2: Strikes out swinging
Batting: RHB Jaime Aguirre 0-0: Ball
1-0: Called Strike
1-1: Ball
2-1: Foul Ball, location: 2F
2-2: Foul Ball, location: 2F
2-2: Strikes out swinging
Batting: SHB Claas van der Kuijl 0-0: Ball
1-0: Ball
2-0: Called Strike
2-1: Foul Ball, location: 2F
2-2: Foul Ball, location: 2F
2-2: Foul Ball, location: 2F
2-2: Ground out 6-3 (Groundball, 6M)
Top of the 7th over - 0 runs, 0 hits, 0 errors, 0 left on base; Evanston 1 - Plumstead 0
BOTTOM OF THE 7TH
Plumstead Eagles batting - Pitching for Evanston Elitists : RHP Barrett Pritchard
Batting: LHB Chris Hutchison 0-0: Called Strike
0-1: Ball
1-1: Swinging Strike
1-2: Ball
2-2: Foul Ball, location: 2F
2-2: Foul Ball, location: 2F
2-2: Ball
3-2: Fly out, F8 (Flyball, 8RS)
Batting: RHB Wayne Workman 0-0: Ball
1-0: Ball
2-0: Foul Ball, location: 2F
2-1: Ball
3-1: DOUBLE (Flyball, 8LD)
Batting: LHB Conan Bush 0-0: Called Strike
0-1: DOUBLE (Line Drive, 89D)
Wayne Workman scores
Pinch Hitting: LHB Roberto Rodríguez 0-0: Intentional Walk
Batting: SHB Joaquín Gilera 0-0: Called Strike
0-1: Foul Ball, location: 2F
0-2: Ball
1-2: Ball
2-2: SINGLE (Flyball, 7S)
Conan Bush to third
Roberto Rodríguez to second
Runner from 3rd tries for Home, SAFE, no throw
Pitching: RHP Jim Dorsey
Batting: RHB Larry Johnson 0-0: Ball
1-0: Called Strike
1-1: Foul Ball, location: 2F
1-2: Strikes out looking
Batting: LHB Joe Rutherford 0-0: Called Strike
0-1: Ball
1-1: Ball
2-1: SINGLE (Flyball, 7LS)
Roberto Rodríguez to third
Joaquín Gilera to second
Runner from 3rd tries for Home, SAFE, no throw
Batting: LHB José Marín 0-0: Ball
1-0: Foul Ball, location: 2F
1-1: Swinging Strike
1-2: Strikes out looking
Bottom of the 7th over - 3 runs, 4 hits, 0 errors, 2 left on base; Evanston 1 - Plumstead 3
TOP OF THE 8TH
Evanston Elitists batting - Pitching for Plumstead Eagles : RHP Yuan Si-ma
Now at 2B: Jimmy Myers
Batting: SHB Troy Abreu 0-0: Called Strike
0-1: Ball
1-1: Swinging Strike
1-2: SINGLE (Groundball, 6M) (infield hit)
Batting: RHB Zhong-xian Pai 0-0: Called Strike
0-1: Ball
1-1: Ball
2-1: Grounds into double play, 4-6-3 (Groundball, 4)
Batting: RHB Greg Nichols 0-0: Ball
1-0: Fly out, F9 (Flyball, 9S)
Top of the 8th over - 0 runs, 1 hit, 0 errors, 0 left on base; Evanston 1 - Plumstead 3
BOTTOM OF THE 8TH
Plumstead Eagles batting - Pitching for Evanston Elitists : RHP Jim Dorsey
Batting: LHB António Álvarez 0-0: Swinging Strike
0-1: Ball
1-1: Foul Ball, location: 2F
1-2: Strikes out looking
Batting: LHB Chris Hutchison 0-0: Called Strike
0-1: Ground out U3 (Groundball, 34)
Batting: RHB Wayne Workman 0-0: SINGLE (Groundball, 34D)
Batting: LHB Conan Bush 0-0: Called Strike
Wayne Workman is caught stealing 2nd base
Bottom of the 8th over - 0 runs, 1 hit, 0 errors, 0 left on base; Evanston 1 - Plumstead 3
TOP OF THE 9TH
Evanston Elitists batting - Pitching for Plumstead Eagles : RHP Yuan Si-ma
Batting: RHB Troy Johnson 0-0: Ball
1-0: Foul Ball, location: 2F
1-1: SINGLE (Line Drive, 8LM)
Batting: RHB Ed Gaston 0-0: Ball
1-0: Ball
2-0: Foul Ball, location: 2F
2-1: Foul Ball, location: 2F
2-2: Foul Ball, location: 2F
2-2: Foul Ball, location: 2F
2-2: Ball
3-2: Foul Ball, location: 2F
3-2: Grounds into double play, 5-4-3 (Groundball, 56)
Pitching: LHP José López
Batting: LHB Jean-Sébastien Beaudin 0-0: Ball
1-0: Ball
2-0: Ball
3-0: Called Strike
3-1: Foul Ball, location: 2F
3-2: Strikes out swinging
Top of the 9th over - 0 runs, 1 hit, 0 errors, 0 left on base; Evanston 1 - Plumstead 3
Saturday, April 7th, 2018 - OOTP Baseball 18.8 Build 76